 Dungeon Crawl Stone Soup version 0.31-a0-175-g9f7f995f2b (webtiles) character file.

Game seed: 11620954095102278448

20 qw the Shooter (level 2, -1/17 HPs)
             Began as a Gargoyle Hunter on June 16, 2023.
             Slain by a worm (6 damage)
             ... on level 1 of the Dungeon.
             The game lasted 00:00:09 (259 turns).

qw the Shooter (Gargoyle Hunter)                     Turns: 259, Time: 00:00:09

Health: -1/17      AC:  5    Str: 14    XL:     2   Next: 79%
Magic:  2/2        EV: 11    Int:  9    God:
Gold:   42         SH:  0    Dex: 13    Spells: 1/1 levels left

rFire   . . .        a - +0 shortbow
rCold   . . .        (shield currently unavailable)
rNeg    + . .        c - +0 leather armour
rPois   inf          (no helmet)
rElec   +            (no cloak)
rCorr   .            (no gloves)
SInv    .            (no boots)
Will    .....        (no amulet)
Stlth   +            (no ring)
HPRegen 0.22/turn    (no ring)
MPRegen 0.08/turn

%: no passive effects
@: no status effects
A: sickness immunity, AC +2, negative energy resistance 1, electricity
resistance, torment resistance 1, petrification resistance
a: no special abilities


You were on level 1 of the Dungeon.
You visited 1 branch of the dungeon, and saw 1 of its levels.

You collected 42 gold pieces.


Innate Abilities, Weirdness & Mutations

You are immune to sickness and miasma.
Your stone body is resilient. (AC +2)
You are immune to poison.
You resist negative energy. (rN+)
You are resistant to electric shocks. (rElec)
You are resistant to unholy torment.
You are immune to petrification.


   Skills:
 - Level 2.1 Fighting
 + Level 4.8 Ranged Weapons
 - Level 1.5 Dodging
 - Level 1.1 Stealth


You had one spell level left.
You didn't know any spells.
Your spell library was empty.

Inventory:

Hand Weapons
 a - a +0 shortbow (weapon)
Armour
 c - a +0 leather armour (worn)
Scrolls
 b - a scroll of butterflies
 f - 2 scrolls of amnesia {unknown}
 g - a scroll of brand weapon {unknown}
Potions
 d - a potion of lignification {unknown}
 e - a potion of degeneration {unknown}
 h - a potion of enlightenment {unknown}

Dungeon Overview and Level Annotations

Branches:
Dungeon (1/15)

Altars:


Message History

You shoot an arrow. The arrow hits the ball python.
You kill the ball python!
g - a scroll labelled CANUMUE IFIA
Enter note: You see here a ball python corpse.
Found a stone staircase leading down.
Enter note:
h - a pink potion
Enter note: 2 worms come into view.
Enter note:
Enter note: You shoot an arrow.
The arrow completely misses the worm.
You shoot an arrow. The arrow hits the worm.
The worm is lightly wounded.
You shoot an arrow.
The arrow hits the worm but does no damage.
The worm is lightly wounded.
The worm bites you.
You shoot an arrow. The arrow hits the worm.
The worm is moderately wounded.
The worm closely misses you.
You shoot an arrow. The arrow barely misses the worm.
You shoot an arrow. The arrow hits the worm.
The worm is moderately wounded.
The worm barely misses you.
You shoot an arrow.
The arrow hits the worm but does no damage.
The worm is moderately wounded.
The worm closely misses you.
You shoot an arrow. The arrow barely misses the worm.
The worm closely misses you. x2
You shoot an arrow. The arrow hits the worm.
The worm is heavily wounded.
You shoot an arrow. The arrow hits the worm.
The worm is severely wounded.
The worm bites you! The worm barely misses you.
You shoot an arrow. The arrow barely misses the worm.
The worm bites you.
You die...

.##.)......########
.................%#
.##........#.####.# ##
.##........#.########.##
>###.......#.##.# #....^
...........#.##.##......
......)....#.##.#..!....
.####.######....#w......
.# #.# ####.@w...... #.#
#.#....^.. #.#
#.#^.>.... #.#
####....^. #.# #.....
#.# #...# #.# .###
#.######## # #........#


You could see 2 worms.

Vanquished Creatures
  3 bats (D:1)
  An endoplasm (D:1)
  A giant cockroach (D:1)
  A goblin (D:1)
  4 jackals (D:1)
  A kobold (D:1)
  A quokka (D:1)
  2 ball pythons (D:1)
  A frilled lizard (D:1)
  A rat (D:1)
16 creatures vanquished.

Notes
Turn   | Place    | Note
-------+----------+-------------------------------------------
     0 | D:1      | qw the Gargoyle Hunter began the quest for the Orb.
     0 | D:1      | Reached XP level 1. HP: 12/12 MP: 1/1
     0 | D:1      | 0 ||| qw: Version: 0.2-a-29-g511e9b1
     0 | D:1      | 0 ||| qw: Game counter: 5928
     0 | D:1      | 0 ||| qw: Always use a shield: true
     0 | D:1      | 0 ||| qw: God list: Okawaru
     0 | D:1      | 0 ||| qw: Allow faded altars: false
     0 | D:1      | 0 ||| qw: Do Orc after D:15 true
     0 | D:1      | 0 ||| qw: Do second Lair branch before Depths: true
     0 | D:1      | 0 ||| qw: Lair rune preference: random
     0 | D:1      | 0 ||| qw: Plans: Normal, Zot:1-4, Slime:5, God:TSO, Crypt,
                  | Tomb, Abyss, Pan, Hells, Win
     0 | D:1      | 0 ||| PLANNING D:1-11
   133 | D:1      | Reached XP level 2. HP: 17/17 MP: 2/2
   259 | D:1      | Slain by a worm

Levels and vault maps discovered:
D:1:      dpeg_arrival_line_fractal, layout_loops_ring, nicolae_wormholes

Action                     || total
---------------------------++-------
   Fire: Shortbow          ||    43
 Armour: Leather armour    ||     3
  Dodge: Dodged            ||    15

Table legend:
 A = Non-vault XP
 B = Vault XP
 C = Vault XP percentage of total XP
 D = Non-vault monster count
 E = Vault monster count
 F = Vault count percentage of total count
                 A         B        C        D         E       F
            +---------+---------+-------+---------+---------+-------
      Total |      29 |       0 |   0.0 |      16 |       0 |   0.0
            +---------+---------+-------+---------+---------+-------
        D:1 |      29 |       0 |   0.0 |      16 |       0 |   0.0
            +---------+---------+-------+---------+---------+-------
